 Dungeon Crawl Stone Soup version 0.26.1-11-gd32895ea62 (webtiles) character file.

Game seed: 18388704675057003919

1616 MisterFreud the Grappler (level 8, -1/79 HPs)
             Began as a Troll Monk on May 17, 2021.
             Slain by an orc warrior
             ... wielding a +2 vorpal long sword
              (3 damage)
             ... on level 6 of the Dungeon.
             The game lasted 00:05:05 (4711 turns).

MisterFreud the Grappler (Troll Monk)               Turns: 4711, Time: 00:05:05

Health: -1/79      AC:  6    Str: 20    XL:     8   Next: 64%
Magic:  7/7        EV: 12    Int:  6    God:
Gold:   173        SH:  0    Dex: 14    Spells: 7/7 levels left

rFire    . . .     SeeInvis .     - Unarmed
rCold    . . .     Faith    .   (no shield)
rNeg     . . .     Spirit   .   a - +0 robe
rPois    .         Reflect  .   (helmet restricted)
rElec    .         Harm     .   (no cloak)
rCorr    .         Rampage  .   (gloves unavailable)
Will     .....                  (boots unavailable)
Stlth    ++........             (no amulet)
HPRegen  0.63/turn              (no ring)
MPRegen  0.10/turn              (no ring)

@: no status effects
A: large, unfitting armour, claws 3, regeneration 1, shaggy fur 1, tough skin 3
a: no special abilities


You were on level 6 of the Dungeon.
You visited 1 branch of the dungeon, and saw 6 of its levels.

You collected 173 gold pieces.

Inventory:

Missiles
 l - 3 boomerangs (quivered)
Armour
 a - a +0 robe (worn)
Jewellery
 r - an uncursed amulet of reflection {unknown}
Wands
 o - a wand of enslavement (13)
Scrolls
 c - a scroll of enchant armour {unknown}
 e - a scroll of noise {unknown}
 f - 5 scrolls of identify {unknown}
 h - 6 scrolls of teleportation {unknown}
 j - 2 scrolls of remove curse {unknown}
 k - a scroll of blinking {unknown}
 n - a scroll of fog {unknown}
Potions
 b - 2 potions of heal wounds {unknown}
 d - a potion of flight {unknown}
 g - a potion of might {unknown}
 i - 6 potions of curing {unknown}
 m - 2 potions of lignification {unknown}
 p - a potion of berserk rage {unknown}
 q - 4 potions of haste {unknown}
 s - a potion of brilliance {unknown}


   Skills:
 + Level 4.6 Fighting
 - Level 4.0 Throwing
 + Level 4.6 Dodging
 - Level 1.0 Stealth
 - Level 8.0 Unarmed Combat


You had 7 spell levels left.
You didn't know any spells.
Your spell library was empty.

Dungeon Overview and Level Annotations

Branches:
Dungeon (6/15)             Temple (0/1) D:6

Altars:
Ashenzari
Sif Muna
Yredelemnul


Innate Abilities, Weirdness & Mutations

You are too large for most types of armour.
You have claws for hands.
Your natural rate of healing is unusually fast.
You are covered in fur. (AC +1)
You have extremely tough skin. (AC +3)


Message History

You scratch the orc warrior.
The orc warrior is moderately wounded.
The orc warrior hits you with a +2 vorpal long sword!
You scratch the orc warrior but do no damage.
The orc warrior is moderately wounded.
The orc warrior closely misses you.
You scratch the orc warrior. Your claw misses the orc warrior.
The orc warrior is heavily wounded.
The orc warrior hits you with a +2 vorpal long sword!
* * * LOW HITPOINT WARNING * * *
x2 You claw the orc warrior!
The orc warrior is almost dead.
You closely miss the orc warrior.
The orc warrior is almost dead.
The orc warrior hits you but does no damage.
You barely miss the orc warrior.
The orc warrior is almost dead.
The orc warrior hits you with a +2 vorpal long sword!
* * * LOW HITPOINT WARNING * * *
You die...

......... ......[..
... .## .######## #...
... .# ###. #... ....
.# ##... #.... .....
.# #...##..#.# ##.....
.# #......##.##
....... .#
#.....##...##.......
.#
#........>.@o.......
.#
###.....##...##...#+##
.# #.+......##.## ...#
####.#...##..#.#..##.#
.......#..##.....# ...
.....#.##..##...## ###
######.....(#...#
..)....##.........
######## #....#####


You could see an orc warrior.

Vanquished Creatures
  A sky beast (D:5)
  An ice beast (D:5)
  3 ogres
  Blork the orc (D:5)
  2 scorpions
  5 wights (D:6)
  A howler monkey (D:4)
  2 gnoll shamans
  A centaur skeleton (D:5)
  3 orc priests (D:4)
  Ijyb (D:4)
  4 orc wizards
  3 worker ants
  A hound skeleton (D:4)
  Robin (D:3)
  13 gnolls
  7 adders
  An ufetubus (D:5)
  2 oozes
  A worm (D:3)
  2 dart slugs
  8 leopard geckos
  21 orcs
  2 ball pythons
  7 bats
  7 giant cockroaches
  17 goblins
  5 hobgoblins
  20 jackals
  6 kobolds
  A quokka (D:2)
  9 frilled lizards
  6 rats (D:1)
165 creatures vanquished.

Notes
Turn   | Place    | Note
-------+----------+-------------------------------------------
     0 | D:1      | MisterFreud the Troll Monk began the quest for the Orb.
     0 | D:1      | Reached XP level 1. HP: 22/22 MP: 0/0
    60 | D:1      | Reached XP level 2. HP: 29/29 MP: 1/1
    97 | D:1      | Reached skill level 4 in Unarmed Combat
   181 | D:1      | Reached XP level 3. HP: 36/36 MP: 2/2
   730 | D:2      | Reached skill level 5 in Unarmed Combat
   730 | D:2      | Reached XP level 4. HP: 38/44 MP: 3/3
  1645 | D:3      | Reached XP level 5. HP: 50/50 MP: 4/4
  1719 | D:3      | Noticed Robin
  1737 | D:3      | Killed Robin
  1738 | D:3      | Reached skill level 6 in Unarmed Combat
  2159 | D:3      | Reached XP level 6. HP: 54/59 MP: 5/5
  3014 | D:3      | Reached skill level 7 in Unarmed Combat
  3161 | D:4      | Reached skill level 8 in Unarmed Combat
  3161 | D:4      | Reached XP level 7. HP: 66/66 MP: 6/6
  3165 | D:4      | Reached skill level 1 in Throwing
  3193 | D:4      | Noticed Ijyb
  3206 | D:4      | Killed Ijyb
  3647 | D:5      | Entered Level 5 of the Dungeon
  3662 | D:5      | Reached XP level 8. HP: 62/75 MP: 7/7
  3825 | D:5      | Found a basalt altar of Yredelemnul.
  3965 | D:5      | Found a broken altar of Ashenzari.
  4010 | D:5      | Noticed Blork the orc
  4029 | D:5      | Killed Blork the orc
  4042 | D:5      | Found a shimmering blue altar of Sif Muna.
  4686 | D:6      | Found a staircase to the Ecumenical Temple.
  4711 | D:6      | HP: 2/79 [orc warrior/+2 vorpal long sword (15)]
  4711 | D:6      | Slain by an orc warrior

Illustrated notes

Levels and vault maps discovered:
D:1:      dpeg_arrival_long_road, layout_rooms, palyth_stone_intersect
D:2:      layout_basic
D:3:      layout_basic, minivault_27, uniq_robin
D:4:      layout_gridville, uniq_ijyb
D:5:      layout_loops_ring, hangedman_feature_mirror,
          kennysheep_big_empty_room, tgw_sif
D:6:      layout_basic, minmay_temple_entry_waves, minivault_14

Skill      XL: |  1  2  3  4  5  6  7  8 |
---------------+-------------------------+-----
Unarmed Combat | 4 5 6 8 |  8.0
Throwing       | 4 |  4.0
Fighting       | 3 4 |  4.6
Dodging        | 3 4 |  4.6
Stealth        | |  1.0

Action                   |  1- 3 |  4- 6 |  7- 9 || total
-------------------------+-------+-------+-------++-------
Melee: Unarmed           |   131 |   177 |   152 ||   460
       Punch             |     1 |     3 |     5 ||     9
Throw: Boomerang         |       |       |    16 ||    16
 Stab: Sleeping          |       |     2 |     2 ||     4
       Distracted        |       |     2 |       ||     2
Armor: Robe              |    68 |    62 |    25 ||   155
Dodge: Dodged            |    86 |    92 |    73 ||   251
